 Dungeon Crawl Stone Soup version 0.30-b1-2-g02819fbbbe (webtiles) character file.

Game seed: 14955484268047950530

671 Ashen the Chopper (level 7, -1/63 HPs)
             Began as a Hill Orc Monk on July 4, 2023.
             Was a Priest of Beogh.
             Slain by a two-headed ogre
             ... wielding a +0 giant club
              (13 damage)
             ... on level 5 of the Dungeon.
             The game lasted 00:08:47 (5022 turns).

Ashen the Chopper (Hill Orc Monk)                   Turns: 5022, Time: 00:08:48

Health: -1/63      AC: 10    Str: 16    XL:     7   Next: 58%
Magic:  7/7        EV:  8    Int: 10    God:    Beogh [***...]
Gold:   228        SH:  0    Dex: 13    Spells: 6/6 levels left

rFire   . . .        a - +0 hand axe
rCold   . . .        d - orb {light}
rNeg    . . .        h - +0 chain mail
rPois   .            (no helmet)
rElec   .            (no cloak)
rCorr   .            (no gloves)
SInv    +            n - +0 pair of boots
Will    .....        (no amulet) Stlth
                     e - ring of see invisible
HPRegen 0.30/turn    (no ring)
MPRegen 0.10/turn

%: no passive effects
@: glowing
A: no striking features
a: Renounce Religion, Smiting


You were on level 5 of the Dungeon.
You worshipped Beogh.
Beogh was most pleased with you.
You visited 1 branch of the dungeon, and saw 6 of its levels.

You collected 284 gold pieces.
You spent 56 gold pieces at shops.

Inventory:

Hand Weapons
 a - a +0 hand axe (weapon)
Armour
 d - an orb of light (worn)
 h - a +0 chain mail (worn)
 n - a +0 pair of boots (worn)
Jewellery
 e - a ring of see invisible (left hand)
Wands
 p - a wand of digging (2)
Scrolls
 c - 3 scrolls of teleportation {unknown}
 f - 4 scrolls of identify {unknown}
 i - a scroll of fog
 j - a scroll of vulnerability {unknown}
 q - a scroll of enchant armour {unknown}
 t - 2 scrolls of blinking {unknown}
 u - 2 scrolls of butterflies {unknown}
 w - a scroll of noise {unknown}
 x - a scroll of amnesia {unknown}
Potions
 b - 2 potions of attraction {unknown}
 g - 2 potions of lignification {unknown}
 k - a potion of heal wounds
 l - a potion of mutation {unknown}
 m - 3 potions of brilliance {unknown}
 o - a potion of degeneration {unknown}
 r - 2 potions of flight {unknown}
 s - a potion of resistance {unknown}
 v - a potion of magic {unknown}
 z - a potion of curing


   Skills:
 + Level 6.0 Fighting
 + Level 6.6 Axes
 + Level 4.0 Armour
 + Level 4.1 Dodging


You had 6 spell levels left.
You didn't know any spells.
Your spell library contained the following spells:

 Spells                   Type           Power      Damage    Failure   Level
 Ozocubu's Armour         Ice            0%         N/A       100%        3
 Volatile Blastmotes      Fire/Tloc      0%         2d10      100%        3
 Fulminant Prism          Conj/Hex       0%         3d5       100%        4
 Iskenderun's Mystic Bla  Conj/Tloc      0%         2d3       100%        4
 Lee's Rapid Deconstruct  Erth           0%         3d4*      100%        5
 Metabolic Englaciation   Hex/Ice        0%         N/A       100%        5
 Simulacrum               Ice/Necr       0%         N/A       100%        6
 Ozocubu's Refrigeration  Ice            0%         4d7       100%        7


Dungeon Overview and Level Annotations

Branches:
Dungeon (6/15)             Temple (0/1) D:5

Altars:
Ashenzari
Cheibriados
Elyvilon
Xom

Shops:
D:1 *   D:3 =


Message History

Done exploring.
You see here a +0 hand axe.
There is a stone staircase leading down here.
You climb downwards.
The two-headed ogre shouts in stereo!
Found 3 stones, a copper wand and a scroll of fog.
Found a stone staircase leading down.
There is a stone staircase leading up here.
There are monsters nearby!
The two-headed ogre hits you with a +0 giant club!
The two-headed ogre closely misses you.
You climb upwards.
There is a stone staircase leading down here.
You hit the two-headed ogre.
The two-headed ogre is lightly wounded.
You hit the two-headed ogre.
The two-headed ogre is lightly wounded.
The two-headed ogre barely misses you.
The two-headed ogre hits you with a +0 giant spiked club!
You hit the two-headed ogre but do no damage.
The two-headed ogre is lightly wounded.
You hit the two-headed ogre.
The two-headed ogre is moderately wounded.
The two-headed ogre barely misses you.
The two-headed ogre hits you with a +0 giant spiked club.
You hit the two-headed ogre.
The two-headed ogre is moderately wounded.
The two-headed ogre hits you with a +0 giant club!
The two-headed ogre completely misses you.
You hit the two-headed ogre but do no damage.
The two-headed ogre is moderately wounded.
You hit the two-headed ogre.
The two-headed ogre is moderately wounded.
The two-headed ogre hits you with a +0 giant club.
The two-headed ogre hits you with a +0 giant spiked club!
* * * LOW HITPOINT WARNING * * *
You slash the two-headed ogre!
The two-headed ogre is heavily wounded.
The two-headed ogre hits you with a +0 giant club!
You die...

#####..#
#.........#.# # #..#
#.#########.#
#####..# #.# #...#
#......# #.# #.###
######.# #.# #.#
######.## #.# #.#
#.......# #.# #.#
######..# #.#######.#
#
#..########@O.......#
#
#............########
# #............# #
##############


You could see a two-headed ogre.

Vanquished Creatures
  A phantom (D:5)
  A scorpion (D:4)
  3 killer bees (D:5)
  A howler monkey (D:5)
  2 hounds
  An iguana (D:5)
  2 orc wizards (D:4)
  Ijyb (D:3)
  8 gnolls
  4 adders
  A white imp (D:5)
  4 worms
  8 orcs
  3 endoplasms
  3 giant cockroaches
  4 goblins
  8 hobgoblins
  6 jackals
  4 kobolds
  A quokka (D:1)
  9 ball pythons
  6 bats
  4 frilled lizards
  5 rats
90 creatures vanquished.

Vanquished Creatures (others)
  An orc (D:3)
  A goblin (D:3)
  A kobold (D:3)
  A frilled lizard (D:3)
4 creatures vanquished.

Grand Total: 94 creatures vanquished

Notes
Turn   | Place    | Note
-------+----------+-------------------------------------------
     0 | D:1      | Ashen the Hill Orc Monk began the quest for the Orb.
     0 | D:1      | Reached XP level 1. HP: 19/19 MP: 1/1
   126 | D:1      | Reached XP level 2. HP: 18/27 MP: 2/2
   358 | D:1      | Found Yrhaulor's General Store.
   730 | D:1      | Bought a scroll of fog for 56 gold pieces
  1018 | D:2      | Reached XP level 3. HP: 29/33 MP: 3/3
  1035 | D:2      | Reached skill level 1 in Armour
  1290 | D:2      | Found a snail-covered altar of Cheibriados.
  1388 | D:1      | Reached XP level 4. HP: 9/40 MP: 4/4
  1990 | D:3      | Reached skill level 5 in Axes
  2005 | D:3      | Became a worshipper of Beogh the Brigand
  2005 | D:3      | Reached * piety under Beogh
  2005 | D:3      | Reached ** piety under Beogh
  2064 | D:3      | Found Naleps's Jewellery Shoppe.
  2170 | D:3      | Noticed Ijyb
  2202 | D:3      | Killed Ijyb
  2203 | D:3      | Reached XP level 5. HP: 25/47 MP: 5/5
  2650 | D:4      | Reached skill level 5 in Fighting
  2650 | D:4      | Reached XP level 6. HP: 25/56 MP: 6/6
  3048 | D:4      | Found a white marble altar of Elyvilon.
  3875 | D:5      | Entered Level 5 of the Dungeon
  4028 | D:5      | Found a shimmering altar of Xom.
  4103 | D:5      | Found a snail-covered altar of Cheibriados.
  4195 | D:5      | Found a broken altar of Ashenzari.
  4318 | D:5      | Reached XP level 7. HP: 50/61 MP: 7/7
  4656 | D:5      | Reached *** piety under Beogh
  4798 | D:5      | Found a staircase to the Ecumenical Temple.
  5012 | D:6      | Noticed a two-headed ogre
  5022 | D:5      | Slain by a two-headed ogre

Illustrated notes

Levels and vault maps discovered:
D:1:      roderic_dead_forest, layout_loops_ring, serial_shops,
          nicolae_shop_behind_doors, ebering_dispersal_statue_hall
D:2:      layout_rooms, basic_altar, minmay_misc_feat_pillars
D:3:      layout_basic, serial_shops, nicolae_shop_trees, uniq_ijyb
D:4:      layout_basic, old_standard_altar
D:5:      layout_loops_ring, marbit_many_paths, cheibrodos_worm_habitat,
          lemuel_round_altar, minmay_temple_entry_from_below_b
D:6:      layout_rooms

Skill      XL: |  1  2  3  4  5  6  7 |
---------------+----------------------+-----
Fighting       | 4 5 6 |  6.0
Armour         | 1 2 3 4 |  4.0
Dodging        | 3 4 |  4.1
Axes           | 5 6 |  6.6

Action                     |  1- 3 |  4- 6 |  7- 9 || total
---------------------------+-------+-------+-------++-------
  Melee: Hand axe          |   119 |   217 |    76 ||   412
 Invoke: Convert to Beogh  |       |     1 |       ||     1
    Use: Potion            |     1 |       |     3 ||     4
 Armour: Robe              |     4 |       |       ||     4
         Chain mail        |    44 |   102 |    51 ||   197
  Dodge: Dodged            |    52 |    83 |    41 ||   176
